 Dungeon Crawl Stone Soup version 0.26-a0-1026-g544776af23 (webtiles) character file.

Game seed: 6477508027618930429

221 sahdkjhfkaj the Chopper (level 5, -10/47 HPs)
             Began as a Minotaur Berserker on Dec 9, 2020.
             Was a Believer of Trog.
             Blown up by Ijyb (12 damage)
             ... with a disintegration bolt
             ... on level 3 of the Dungeon.
             The game lasted 00:01:08 (2431 turns).

sahdkjhfkaj the Chopper (Minotaur Berserker)        Turns: 2431, Time: 00:01:08

Health: -10/47     AC:  8    Str: 22    XL:     5   Next: 65%
Magic:  4/4        EV: 12    Int:  4    God:    Trog [**....]
Gold:   136        SH:  0    Dex: 10    Spells: 4/4 levels left

rFire    . . .     SeeInvis .   a - +0 hand axe
rCold    . . .     Faith    .   (no shield)
rNeg     . . .     Spirit   .   h - +0 ring mail
rPois    .         Reflect  .   (helmet restricted)
rElec    .         Harm     .   g - +1 cloak
rCorr    .         Rampage  .   (no gloves)
Will     .....                  (no boots)
Stlth    ..........             (no amulet)
HPRegen  0.15/turn              (no ring)
MPRegen  0.09/turn              (no ring)

@: no status effects
A: retaliatory headbutt, horns 2
a: Berserk, Trog's Hand, Renounce Religion


You were on level 3 of the Dungeon.
You worshipped Trog.
Trog was pleased with you.
You visited 1 branch of the dungeon, and saw 3 of its levels.

You collected 136 gold pieces.

Inventory:

Hand Weapons
 a - a +0 hand axe (weapon)
Missiles
 m - 6 curare-tipped darts
Armour
 g - a +1 cloak (worn)
 h - a +0 ring mail (worn)
Jewellery
 n - a +4 ring of slaying {unknown}
 o - an uncursed amulet of reflection {unknown}
Scrolls
 b - a scroll of remove curse {unknown}
 d - a scroll of identify
 j - a scroll of teleportation {unknown}
Potions
 c - a potion of flight {unknown}
 e - 2 potions of mutation
 f - a potion of curing {unknown}
 i - a potion of lignification {unknown}
 k - 4 potions of heal wounds {unknown}
 l - a potion of degeneration {unknown}


   Skills:
 + Level 4.7 Fighting
 * Level 5.6 Axes
 + Level 3.9 Armour
 + Level 3.4 Dodging


You had 4 spell levels left.
You didn't know any spells.
Your spell library was empty.

Dungeon Overview and Level Annotations

Branches:
Dungeon (3/15)

Altars:
Elyvilon
Makhleb
Okawaru
Ru

Annotations:
D:3 Ijyb


Innate Abilities, Weirdness & Mutations

You reflexively headbutt those who attack you in melee.
You have a pair of horns on your head.


Message History

Ijyb is nearby!
Ijyb is nearby!
Ijyb is nearby!
You closely miss Ijyb.
Ijyb is lightly wounded.
Ijyb closely misses you. You furiously retaliate!
You headbutt Ijyb, but do no damage.
Unknown command.
You closely miss Ijyb. Your headbutt misses Ijyb.
Ijyb is lightly wounded.
Ijyb zaps a wand.
You are blasted!
* * * LOW HITPOINT WARNING * * *
You hit Ijyb.
Ijyb is moderately wounded.
Ijyb closely misses you.
Unknown command.
You closely miss Ijyb. Your headbutt misses Ijyb.
Ijyb is moderately wounded.
Ijyb zaps a wand.
You are blasted!
You die...

#...# ##...#
##.#..# ##.###.##
### ######.## ##.#
#.. ...#.## ##.
#.#####.##.## ##.#
#g##........###)..
#@##.##.##.#.#....
#..<....##.##.#..#
####.#####.##....#
#.# #.###.... #.#
###.###†#.#
#.###.........#
#.......#.....#
######...#.....#
##...###.##.....#


You could see Ijyb.

Vanquished Creatures
  Jessica (D:2)
  Natasha (twice) (D:2)
  Terence (D:2)
  7 adders
  An ooze (D:1)
  4 dart slugs
  3 leopard geckos
  An orc (D:3)
  A giant cockroach (D:2)
  4 hobgoblins
  2 jackals (D:1)
  A quokka (D:2)
  A ball python (D:2)
  6 bats
  2 frilled lizards (D:1)
  4 goblins
  2 kobolds
  7 rats
50 creatures vanquished.

Notes
Turn   | Place    | Note
-------+----------+-------------------------------------------
     0 | D:1      | sahdkjhfkaj the Minotaur Berserker began the quest for the
                  | Orb.
     0 | D:1      | Reached XP level 1. HP: 19/19 MP: 0/0
   239 | D:1      | Reached XP level 2. HP: 27/27 MP: 1/1
   270 | D:1      | Reached skill level 4 in Axes
  1095 | D:2      | Reached XP level 3. HP: 33/33 MP: 2/2
  1126 | D:2      | Noticed Jessica
  1146 | D:2      | Killed Jessica
  1147 | D:2      | Reached XP level 4. HP: 22/40 MP: 3/3
  1324 | D:2      | Reached ** piety under Trog
  1351 | D:2      | Found a sacrificial altar of Ru.
  1353 | D:2      | Found a burning altar of Makhleb.
  1355 | D:2      | Noticed a green death
  1499 | D:2      | Found a white marble altar of Elyvilon.
  1499 | D:2      | Found an iron altar of Okawaru.
  1500 | D:2      | Noticed Natasha
  1505 | D:2      | Killed Natasha
  1506 | D:2      | Reached skill level 5 in Axes
  1777 | D:2      | Reached XP level 5. HP: 47/47 MP: 4/4
  1875 | D:2      | Noticed Natasha
  1876 | D:2      | Noticed Terence
  1883 | D:2      | Killed Natasha
  1887 | D:2      | Killed Terence
  2421 | D:3      | Noticed Ijyb
  2429 | D:3      | HP: 1/47 [disintegration (5)]
  2431 | D:3      | Blown up by Ijyb

Illustrated notes

Levels and vault maps discovered:
D:1:      minmay_arrival_arboretum_small, layout_basic
D:2:      layout_basic, hangedman_ru_absence, makhleb_altar_promises_db,
          amethyst_overflow_temple_binary, minmay_crystal_room,
          minmay_tree_intersection, uniq_terence, uniq_natasha, uniq_jessica
D:3:      layout_loops_cross, nicolae_overflow_crystal_walls, uniq_ijyb

Skill      XL: |  1  2  3  4 |
---------------+-------------+-----
Axes           | 4 5 |  5.6
Fighting       | 4 |  4.7
Armour         | 3 |  3.9
Dodging        | 3 |  3.4

Action                   |  1- 3 |  4- 6 || total
-------------------------+-------+-------++-------
Melee: Hand axe          |    46 |    83 ||   129
       Headbutt          |    11 |     7 ||    18
  Use: Scroll            |     2 |       ||     2
Armor: Ring mail         |     5 |    34 ||    39
       Animal skin       |     4 |       ||     4
Dodge: Dodged            |    20 |    59 ||    79

Table legend: (Time is in decaauts)
 A = Elapsed time spent in this place.
 B = Non-inter-level travel time spent in this place.
 C = Inter-level travel time spent in this place.
 D = Time resting spent in this place.
 E = Time spent auto-exploring this place.
 F = Levels seen in this place.
 G = Mean time per level.
                   A        B        C        D        E       F      G
               +--------+--------+--------+--------+--------+-----+--------+
         Total |   2437 |   2240 |    197 |      0 |   1940 |   3 |  812.3 |
       Dungeon |   2437 |   2240 |    197 |      0 |   1940 |   3 |  812.3 |
               +--------+--------+--------+--------+--------+-----+--------+

Top non-repeatable levels by time:
     D:2: 1209 daAuts
     D:1: 1013 daAuts
     D:3: 215 daAuts
